 Dungeon Crawl Stone Soup version 0.22-a0-479-gc6e99f3 (webtiles) character file.

60 Mgcat the Sneak (level 4, -2/24 HPs)
             Began as a Gargoyle Enchanter on June 14, 2018.
             Slain by a gnoll
             ... wielding a +0 whip
              (10 damage)
             ... on level 2 of the Dungeon.
             The game lasted 00:04:57 (1404 turns).

Mgcat the Sneak (Gargoyle Enchanter)                Turns: 1404, Time: 00:04:58

Health: -2/24      AC:  5    Str: 11    XL:     4   Next: 6%
Magic:  1/7        EV: 12    Int: 17    God:
Gold:   50         SH:  0    Dex: 10    Spells: 4/7 levels left

rFire    . . .     SeeInvis .   q - +1 dagger (venom)
rCold    . . .     Gourm    .   (no shield)
rNeg     + . .     Faith    .   b - +0 robe
rPois    ∞         Spirit   .   (no helmet)
rElec    +         Reflect  .   (no cloak)
rCorr    .         Harm     .   (no gloves)
MR       .....                  (no boots)
Stlth    ++........             (no amulet)
HPRegen  0.08/turn              (no ring)
MPRegen  0.10/turn              (no ring)

@: no status effects
A: negative energy resistance 1, electricity resistance, unbreathing,
petrification resistance, rot immunity, AC +3
a: no special abilities


You were on level 2 of the Dungeon.
You were hungry.

You visited 1 branch of the dungeon, and saw 2 of its levels.

You collected 50 gold pieces.

Inventory:

Hand Weapons
 q - a +1 dagger of venom (weapon)
   (You took it off a hobgoblin on level 2 of the Dungeon)
Armour
 b - a +0 robe (worn)
Scrolls
 e - a scroll of remove curse {unknown}
 f - 2 scrolls of teleportation {unknown}
 g - a scroll of blinking {unknown}
 h - 3 scrolls of identify {unknown}
 k - a scroll of amnesia {unknown}
 n - a scroll of fear {unknown}
Potions
 c - 2 potions of curing {unknown}
 i - 2 potions of flight {unknown}
 j - a potion of degeneration {unknown}
 l - a potion of agility {unknown}
 o - a potion of ambrosia {unknown}
 p - a potion of magic {unknown}
Comestibles
 d - 7 rations
 m - 3 chunks of flesh {@w0}


   Skills:
 + Level 1.8 Short Blades
 - Level 1.5 Dodging
 + Level 4.0 Stealth
 + Level 2.3 Spellcasting
 + Level 3.0 Hexes
 + Level 1.1 Ice Magic


You had 4 spell levels left.
You knew the following spells:

 Your Spells              Type           Power        Failure   Level  Hunger
a - Corona                Hex            ##.....      5%          1    #......
b - Ensorcelled Hibernat  Hex/Ice        #.....       12%         2    ##.....

Your spell library contained the following spells:

 Spells                   Type           Power        Failure   Level  Hunger
 Confuse                  Hex            ##......     16%         3    ###....
 Tukima's Dance           Hex            ##......     16%         3    ###....
 Dazzling Spray           Conj/Hex       #.....       30%         3    ###....


Dungeon Overview and Level Annotations

Branches:
Dungeon (2/15)

Altars:


Innate Abilities, Weirdness & Mutations

You are resistant to torment.
Your stone body is resilient. (AC +3)
You are immune to poison.
You resist negative energy. (rN+)
You are resistant to electric shocks. (rElec)
You can survive without breathing.
You are immune to petrification.
You are immune to rotting.


Message History

The hobgoblin is lightly wounded.
The hobgoblin barely misses you.
You hit the hobgoblin but do no damage.
The hobgoblin is lightly wounded.
The hobgoblin hits you but does no damage.
You hit the hobgoblin but do no damage.
The hobgoblin is lightly wounded.
The hobgoblin hits you but does no damage.
You completely miss the hobgoblin.
The hobgoblin hits you with a dagger of venom.
You hit the hobgoblin.
The hobgoblin is heavily wounded.
The hobgoblin barely misses you.
You completely miss the hobgoblin.
The hobgoblin is heavily wounded.
The hobgoblin hits you but does no damage.
You hit the hobgoblin.
The hobgoblin is severely wounded.
The hobgoblin hits you but does no damage.
You closely miss the hobgoblin.
The hobgoblin is severely wounded.
The hobgoblin hits you but does no damage.
Casting: Ensorcelled Hibernation (safe; 13% risk of failure)
Confirm with . or Enter, or press ? or * to list all spells.
Aiming: Corona (safe; 6% risk of failure)
Press: ? - help, Shift-Dir - straight line, f/p - hobgoblin
Aim: a hobgoblin, wielding a dagger of venom (severely wounded, chance to defeat MR: 64%)
The hobgoblin barely resists.
The hobgoblin hits you but does no damage.
You hit the hobgoblin.
You kill the hobgoblin!
h - 3 scrolls labeled RIHENW IFOMM (gained 1)
Things that are here:
a dagger of venom; a hobgoblin corpse
q - a dagger of venom Some of the chunks of flesh in your inventory have rotted away.
Wield which item (- for none, * to show all)? (? for menu, Esc to quit)
Your +1 dagger of venom begins to drip with poison!
q - a +1 dagger of venom (weapon)
Drop what? 17/52 slots (_ for help) (? for menu, Esc to quit)
You drop a +1 dagger.
Your magical contamination has completely faded away.
You butcher the hobgoblin corpse.
m - 3 chunks of flesh {@w0} (gained 2)
You see here a +1 dagger. x2
A gnoll comes into view. It is wielding a spear.
A gnoll comes into view. It is wielding a flail.
A gnoll comes into view. It is wielding a whip.
The gnoll shouts! x3
Casting: Corona (safe; 6% risk of failure)
Confirm with . or Enter, or press ? or * to list all spells.
Aiming: Ensorcelled Hibernation (safe; 13% risk of failure)
Press: ? - help, Shift-Dir - straight line, f - gnoll
Aim: a gnoll, wielding a spear (chance to defeat MR: 49%)
The gnoll resists with some effort.
Casting: Ensorcelled Hibernation (safe; 13% risk of failure)
Confirm with . or Enter, or press ? or * to list all spells.
Aiming: Ensorcelled Hibernation (safe; 13% risk of failure)
Press: ? - help, Shift-Dir - straight line, f/p - gnoll
Aim: a gnoll, wielding a spear (chance to defeat MR: 49%)
The gnoll resists with some effort.
The gnoll barely misses you.
Casting: Ensorcelled Hibernation (safe; 13% risk of failure)
Confirm with . or Enter, or press ? or * to list all spells.
Aiming: Ensorcelled Hibernation (safe; 13% risk of failure)
Press: ? - help, Shift-Dir - straight line, f/p - gnoll
Aim: a gnoll, wielding a spear (chance to defeat MR: 49%)
The gnoll resists with some effort.
The gnoll closely misses you. The gnoll closely misses you.
You hit the gnoll but do no damage.
The gnoll is poisoned.
The gnoll barely misses you.
You closely miss the gnoll. The gnoll hits you with a spear.
You are feeling hungry.
You hit the gnoll.
The gnoll looks as sick as possible!
The gnoll is moderately wounded.
The gnoll barely misses you.
You hit the gnoll but do no damage.
The gnoll looks as sick as possible!
The gnoll is moderately wounded.
The gnoll hits you with a spear.
You barely miss the gnoll.
The gnoll is heavily wounded.
You kill the gnoll!
Your Stealth skill increases to level 4!
Your Hexes skill increases to level 3!
You have reached level 4!
You feel clever.
You see here a +1 dagger.
There is a stone staircase leading down here.
Casting: Ensorcelled Hibernation (safe; 12% risk of failure)
Confirm with . or Enter, or press ? or * to list all spells.
Aiming: Corona (safe; 5% risk of failure)
Press: ? - help, Shift-Dir - straight line, f - gnoll
Aim: a gnoll, wielding a whip (chance to defeat MR: 57%)
The gnoll is outlined in light.
You hit the gnoll.
The gnoll is poisoned.
The gnoll is lightly wounded.
The gnoll hits you with a whip.
You hit the gnoll but do no damage.
The gnoll looks as sick as possible!
The gnoll is moderately wounded.
The gnoll hits you with a whip!
You die...

#...##.##.#.##### #......
......##g#.# ###.... .#....##)#
# #.### ####>##.# #.# #
#..)....# #.# # #g##.#### #.# #
..#####.##......# #.# #
........###################.###
............gg@................
#.#########################....
#####


You could see 2 gnolls.

Vanquished Creatures
  A gnoll (D:2)
  An adder (D:2)
  A dart slug (D:1)
  A leopard gecko (D:1)
  A bat (D:1)
  2 giant cockroaches (D:1)
  9 goblins
  6 hobgoblins
  6 jackals (D:1)
  A kobold (D:1)
  5 rats
34 creatures vanquished.

Notes
Turn   | Place    | Note
-------+----------+-------------------------------------------
     0 | D:1      | Mgcat the Gargoyle Enchanter began the quest for the Orb.
     0 | D:1      | Reached XP level 1. HP: 10/10 MP: 3/3
    36 | D:1      | Reached skill level 1 in Short Blades
   185 | D:1      | Reached XP level 2. HP: 9/15 MP: 3/5
   189 | D:1      | Learned a level 2 spell: Ensorcelled Hibernation
   581 | D:1      | Reached XP level 3. HP: 19/19 MP: 6/6
  1097 | D:2      | Reached skill level 1 in Ice Magic
  1386 | D:2      | Reached skill level 4 in Stealth
  1386 | D:2      | Reached skill level 3 in Hexes
  1386 | D:2      | Reached XP level 4. HP: 13/24 MP: 0/7
  1404 | D:2      | Slain by a gnoll

Vault maps used:
D:1:      ebering_hopf_link, serial_park_tiny_1
D:2:      lemuel_doored_altar

Skill      XL: |  1  2  3 |
---------------+----------+-----
Short Blades   | 1 |  1.8
Ice Magic      | 1 |  1.1
Stealth        | 4 |  4.0
Hexes          | 3 |  3.0
Dodging        | |  1.5
Spellcasting   | |  2.3

Action                   |  1- 3 |  4- 6 || total
-------------------------+-------+-------++-------
Melee: Dagger            |   151 |     2 ||   153
 Cast: Corona            |    11 |     1 ||    12
       Ensorcelled Hiber |     8 |       ||     8
 Stab: Sleeping          |     8 |       ||     8
  Eat: Chunk             |     2 |       ||     2
Armor: Robe              |    29 |       ||    29
Dodge: Dodged            |    92 |       ||    92

Table legend:
 A = Spawn XP
 B = Non-spawn XP
 C = Spawn XP percentage of total XP
 D = Spawn monster count
 E = Non-spawn monster count
 F = Spawn count percentage of total count
 G = Total turns spent on level
                    A         B        C        D         E        F      G
               +---------+---------+-------+---------+---------+-------+---------
         Total |       0 |      87 |   0.0 |       0 |      34 |   0.0 |  1404
               +---------+---------+-------+---------+---------+-------+---------
           D:1 |       0 |      46 |   0.0 |       0 |      23 |   0.0 |   836
           D:2 |       0 |      41 |   0.0 |       0 |      11 |   0.0 |   568
               +---------+---------+-------+---------+---------+-------+---------

Vault maps used:
D:1:      ebering_hopf_link, serial_park_tiny_1
D:2:      lemuel_doored_altar

Table legend:
 A = Turns spent in this place as a percentage of turns spent in the entire game.
 B = Non-inter-level travel turns spent in this place as a percentage of non-inter-level travel turns spent in the entire game.
 C = Inter-level travel turns spent in this place as a percentage of turns spent in this place.
 D = Turns resting spent in this place as a percentage of non-inter-level travel turns spent in this place.
 E = Turns spent auto-exploring this place as a percentage of non-inter-level travel turns spent in this place.
 F = Non-inter-level travel turns spent in this place divided by the number of levels of this place that you've seen.
                   A       B       C       D       E      F
               +-------+-------+-------+-------+-------+----------------------
         Total | 100.0 | 100.0 |   0.8 |   0.0 |  76.2 | 696.5
       Dungeon | 100.0 | 100.0 |   0.8 |   0.0 |  76.2 | 696.5
               +-------+-------+-------+-------+-------+----------------------

Table legend:
 A = Kills in this place as a percentage of kills in entire the game.
 B = Kills by you in this place as a percentage of kills by you in the entire game.
 C = Kills by friends in this place as a percentage of kills by friends in the entire game.
 D = Other kills in this place as a percentage of other kills in the entire game.
 E = Experience gained in this place as a percentage of experience gained in the entire game.
 F = Experience gained in this place divided by the number of levels of this place that you have seen.
                   A       B       C       D       E      F
               +-------+-------+-------+-------+-------+----------------------
         Total | 100.0 | 100.0 |   N/A |   N/A | 100.0 |  43.5
       Dungeon | 100.0 | 100.0 |   N/A |   N/A | 100.0 |  43.5
               +-------+-------+-------+-------+-------+----------------------
